 Dungeon Crawl Stone Soup version 0.28.0-53-g5a82cb258f (webtiles) character file.

Game seed: 10732861927957427613

3526 Stomo the Fanfare of Bloodshed (level 9, -4/69 HPs)
             Began as a Demonspawn Gladiator on July 4, 2022.
             Was a Believer of Makhleb.
             Slain by a two-headed ogre
             ... wielding a +0 giant club
              (11 damage)
             ... on level 8 of the Dungeon.
             The game lasted 00:11:18 (10226 turns).

Stomo the Fanfare of Bloodshed (DsGl)              Turns: 10226, Time: 00:11:18

Health: -4/69      AC: 14    Str: 18    XL:     9   Next: 82%
Magic:  17/17      EV: 14    Int: 10    God:    Makhleb [**....]
Gold:   356        SH:  0    Dex: 15    Spells: 8/8 levels left

rFire   . . .      SeeInvis +   s - +0 whip (vamp)
rCold   . . .      Faith    .   (no shield)
rNeg    . . .      Spirit   .   f - +3 leather armour
rPois   .          Reflect  .   c - +0 helmet
rElec   .          Harm     .   (no cloak)
rCorr   +          Rampage  .   e - +0 pair of gloves
Will    .....                   t - +2 pair of boots
Stlth   +.........              (no amulet)
HPRegen 0.21/turn               h - ring of see invisible
MPRegen 0.15/turn               j - ring of resist corrosion

@: about to teleport
A: claws 2, slimy green scales 1, powered by pain 1, spiny 2
a: Renounce Religion, Minor Destruction


You were on level 8 of the Dungeon.
You worshipped Makhleb.
Makhleb was pleased with you.
You visited 1 branch of the dungeon, and saw 9 of its levels.

You collected 356 gold pieces.

Inventory:

Hand Weapons
 a - a +1 flail
 s - a +0 vampiric whip (weapon)
 G - a +0 dire flail
Missiles
 d - 6 throwing nets (quivered)
Armour
 b - a +0 leather armour
 c - a +0 helmet (worn)
 e - a +0 pair of gloves (worn)
 f - a +3 leather armour (worn)
 t - a +2 pair of boots (worn)
 y - +0 steam dragon scales
Jewellery
 h - a ring of see invisible (left hand)
 j - a ring of resist corrosion (right hand)
 l - a ring of magical power
 v - a ring of ice
 A - a +6 ring of strength
 C - a ring of wizardry
 F - the amulet of Zudos {Spirit -Cast Will+ rCorr}
   (You found it on level 9 of the Dungeon)

   [amulet of guardian spirit]

   It causes incoming damage to be divided between your reserves of health and
   magic.
   -Cast:     It prevents spellcasting.
   rCorr:     It protects you from acid and corrosion.
   Will:      It increases your willpower.
Wands
 n - a wand of flame (18)
 x - a wand of polymorph (5)
Scrolls
 g - 2 scrolls of teleportation
 r - 2 scrolls of vulnerability
 B - a scroll of magic mapping
 D - 2 scrolls of identify
 E - a scroll of amnesia
Potions
 i - 2 potions of heal wounds
 k - 2 potions of degeneration
 m - a potion of haste
 o - a potion of ambrosia {unknown}
 p - 4 potions of curing {unknown}
 q - a potion of flight {unknown}
 u - a potion of invisibility {unknown}
 w - a potion of brilliance {unknown}
 z - 2 potions of lignification {unknown}


   Skills:
 + Level 6.0 Fighting
 + Level 5.7 Maces & Flails
 - Level 1.7 Throwing
 + Level 4.6 Armour
 + Level 5.8 Dodging
 + Level 11.1 Invocations


You had 8 spell levels left.
You didn't know any spells.
Your spell library contained the following spells:

 Spells                   Type           Power      Damage    Failure   Level
 Animate Skeleton         Necr           0%         N/A       41%         1
 Apportation              Tloc           0%         N/A       41%         1
 Summon Small Mammal      Summ           0%         N/A       41%         1
 Scorch                   Fire           0%         2d5       56%         2
 Flame Wave               Conj/Fire      0%         2d4       99%         4
 Summon Cactus Giant      Summ           0%         N/A       100%        6


Dungeon Overview and Level Annotations

Branches:
Dungeon (9/15)             Temple (0/1) D:6
   Lair: D:8-11         Orc: D:9-12

Altars:
Makhleb
Nemelex Xobeh
Sif Muna
The Shining One

Shops:
D:5 [

Annotations:
D:4 2 transporters, sanboga's ghost, amateur GrFi


Innate Abilities, Weirdness & Mutations

You have very sharp fingernails.
You are partially covered in slimy green scales. (AC +2)
You sometimes gain a little power by taking damage.
You are mostly covered in sharp spines.


Message History

Press: ? - help, Shift-Dir - straight line, f/p - two-headed ogre
Aim: a two-headed ogre, wielding a +0 giant club and a +0 giant spiked club (lightly wounded)
The stone arrow hits the two-headed ogre.
The two-headed ogre is moderately wounded.
The two-headed ogre barely misses you.
The two-headed ogre hits you with a +0 giant spiked club.
You climb upwards.
There is a stone staircase leading down here.
You hit the two-headed ogre.
You feel better.
The two-headed ogre is moderately wounded.
The two-headed ogre hits you with a +0 giant club!
The two-headed ogre completely misses you.
You hit the two-headed ogre.
The two-headed ogre is moderately wounded.
The two-headed ogre barely misses you.
The two-headed ogre hits you with a +0 giant spiked club!
You hit the two-headed ogre.
You feel better.
The two-headed ogre is heavily wounded.
The two-headed ogre is struck by your spines.
The two-headed ogre hits you with a +0 giant club!
The two-headed ogre hits you with a +0 giant spiked club.
Unknown command.
You hit the two-headed ogre.
You feel better.
The two-headed ogre is heavily wounded.
The two-headed ogre is struck by your spines.
The two-headed ogre barely misses you.
The two-headed ogre hits you but does no damage.
You barely miss the two-headed ogre.
The two-headed ogre is severely wounded.
Unknown command.
You hit the two-headed ogre.
You feel better.
The two-headed ogre is severely wounded.
The two-headed ogre hits you with a +0 giant club!!
* * * LOW HITPOINT WARNING * * *
The two-headed ogre barely misses you.
Unknown command.
As you read the scroll of teleportation, it crumbles to dust.
You feel strangely unstable.
The two-headed ogre hits you with a +0 giant club!
You die...

..#
#...............###.##
..#
#>....#.#######..#####
..#
#####.#...##..#...###.
..# #.###.##.......#..
### #.# #.###.##.#...#
#.# #.# #....##### #.#
#.# ###### #O# #.# #@#
#.# #.# #.# #.# #.#
#.# #.# #.# #.# #.#
#.# #.# #.# ###.# #.#
#...# #.#


You could see a two-headed ogre.

Vanquished Creatures
  Maggie (D:6)
  Sigmund (D:6)
  A shadow (D:7)
  A steam dragon (D:8)
  2 water moccasins
  2 ice beasts
  2 sky beasts
  An ogre (D:5)
  3 centaurs
  2 phantoms
  A gnoll sergeant (D:8)
  Blork the orc (D:6)
  2 scorpions
  A bullfrog (D:9)
  2 wyvern zombies (D:8)
  A wyvern skeleton (D:7)
  A water moccasin skeleton (D:5)
  10 wights
  4 hounds
  3 orc priests (D:5)
  A bullfrog skeleton (D:5)
  3 jellies
  An iguana (D:5)
  Natasha (thrice) (D:2)
  5 orc wizards
  A killer bee zombie (D:8)
  A hound zombie (D:5)
  A howler monkey skeleton (D:6)
  7 gnolls
  6 adders
  A shadow imp (D:5)
  A white imp (D:6)
  2 adder skeletons (D:4)
  2 worms
  2 dart slugs
  19 orcs
  6 ball pythons
  9 endoplasms
  4 giant cockroaches
  9 goblins
  10 hobgoblins
  5 jackals
  2 kobolds
  4 quokkas
  8 bats
  4 frilled lizards
  4 rats
163 creatures vanquished.

Notes
Turn   | Place    | Note
-------+----------+-------------------------------------------
     0 | D:1      | Stomo the Demonspawn Gladiator began the quest for the Orb.
     0 | D:1      | Reached XP level 1. HP: 16/16 MP: 1/1
   109 | D:1      | Found a faded altar of an unknown god.
   339 | D:1      | Gained mutation: You have sharp fingernails. [demonic
                  | ancestry]
   339 | D:1      | Reached XP level 2. HP: 22/22 MP: 2/2
  1170 | D:2      | Noticed Natasha
  1179 | D:2      | Killed Natasha
  1180 | D:2      | Reached skill level 1 in Armour
  1180 | D:2      | Gained mutation: You are partially covered in sharp spines.
                  | [demonic ancestry]
  1180 | D:2      | Reached XP level 3. HP: 10/28 MP: 3/3
  1395 | D:2      | Noticed Natasha
  1402 | D:2      | Killed Natasha
  1403 | D:2      | Gained mutation: You are mostly covered in sharp spines.
                  | [demonic ancestry]
  1403 | D:2      | Reached XP level 4. HP: 35/35 MP: 4/4
  1462 | D:2      | Noticed Natasha
  1468 | D:2      | Killed Natasha
  2341 | D:3      | Reached XP level 5. HP: 41/41 MP: 5/5
  2522 | D:3      | Found a burning altar of Makhleb.
  2604 | D:3      | Became a worshipper of Makhleb the Destroyer
  2856 | D:3      | Reached skill level 1 in Invocations
  3082 | D:4      | Found a transporter.
  3088 | D:4      | Reached skill level 2 in Invocations
  3091 | D:4      | Noticed sanboga's ghost (amateur GrFi)
  3143 | D:3      | Reached skill level 3 in Invocations
  3231 | D:4      | Reached skill level 4 in Invocations
  3231 | D:4      | Reached XP level 6. HP: 43/47 MP: 7/9
  3300 | D:4      | Reached skill level 5 in Invocations
  3394 | D:4      | Reached * piety under Makhleb
  3459 | D:4      | Found a transporter.
  3724 | D:5      | Entered Level 5 of the Dungeon
  3940 | D:5      | Reached skill level 6 in Invocations
  4194 | D:5      | Gained mutation: You have very sharp fingernails. [demonic
                  | ancestry]
  4194 | D:5      | Reached XP level 7. HP: 29/52 MP: 10/12
  4357 | D:5      | Reached skill level 7 in Invocations
  4712 | D:5      | Reached skill level 8 in Invocations
  5085 | D:5      | Found Jiamizi's Antique Armour Boutique.
  5387 | D:5      | Reached skill level 9 in Invocations
  5630 | D:6      | Found a staircase to the Ecumenical Temple.
  5905 | D:6      | Noticed Blork the orc
  5924 | D:5      | Gained mutation: You are partially covered in slimy green
                  | scales. (AC +2) [demonic ancestry]
  5924 | D:5      | Reached XP level 8. HP: 54/59 MP: 14/14
  5941 | D:6      | Killed Blork the orc
  6212 | D:6      | Noticed Maggie
  6220 | D:6      | HP: 3/60 [Maggie/+0 war axe (12)]
  6233 | D:6      | Killed Maggie
  6630 | D:6      | Noticed Sigmund
  6677 | D:6      | Killed Sigmund
  6678 | D:6      | Reached skill level 10 in Invocations
  7262 | D:7      | Gained mutation: You sometimes gain a little power by
                  | taking damage. [demonic ancestry]
  7262 | D:7      | Reached XP level 9. HP: 60/67 MP: 16/16
  7301 | D:7      | Reached skill level 5 in Fighting
  7301 | D:7      | Reached skill level 5 in Dodging
  7428 | D:7      | Noticed a boulder beetle
  7453 | D:7      | HP: 2/68 [boulder beetle (32)]
  8109 | D:7      | Reached skill level 5 in Maces & Flails
  8420 | D:6      | Found a shimmering blue altar of Sif Muna.
  9032 | D:8      | Reached ** piety under Makhleb
  9324 | D:8      | Reached skill level 11 in Invocations
  9727 | D:8      | Found a sparkling altar of Nemelex Xobeh.
 10045 | D:9      | Identified the amulet of Zudos {Spirit -Cast Will+ rCorr}
 10066 | D:9      | Noticed a two-headed ogre
 10226 | D:8      | Slain by a two-headed ogre

Illustrated notes

Levels and vault maps discovered:
D:1:      lightli_arrival_statue_moat, layout_basic,
          shapermc_ecumenical_altar_mp_highgroup
D:2:      layout_rooms, kennysheep_big_empty_room, minmay_cut_off, uniq_natasha
D:3:      layout_basic, mainiacjoe_overflow_big_doors, minmay_misc_feat_chi,
          minmay_pentangle
D:4:      layout_cave_pools, gammafunk_ghost_stat_death,
          hangedman_decor_slide_cut
D:5:      layout_loops_corners, serial_shops, kennysheep_mini_moat,
          kennysheep_cluttered_room
D:6:      layout_gridville, nicolae_overflow_hidden_temple,
          minmay_temple_entry_mist, uniq_maggie, uniq_sigmund,
          uniq_blork_the_orc
D:7:      layout_cave_pods, nicolae_concentric_dashed_squares_mild,
          chequers_serial_rivers_micro_c
D:8:      layout_basic, nemelex_diamond_rough_becter
D:9:      layout_cave_pools, mainiacjoe_overflow_tiny_flanked, serial_glass,
          glass_columns_b, glass_columns_a, due_unseen_surprise,
          minmay_strange_pillars, item_on_display_b, item_on_display_a,
          minmay_librarian

Skill      XL: |  1  2  3  4  5  6  7  8  9 |
---------------+----------------------------+-----
Maces & Flails | 3 4 5 |  5.7
Dodging        | 3 4 5 |  5.8
Armour         | 1 3 4 |  4.6
Fighting       | 3 4 6 |  6.0
Invocations    | 4 6 9 10 11 | 11.1
Throwing       | |  1.7

Action                   |  1- 3 |  4- 6 |  7- 9 || total
-------------------------+-------+-------+-------++-------
Melee: Flail             |    61 |   108 |   163 ||   332
       Punch             |       |       |     5 ||     5
       Whip              |       |       |   109 ||   109
Invok: Minor Destruction |       |       |    16 ||    16
  Use: Scroll            |       |     3 |     9 ||    12
       Potion            |       |       |     3 ||     3
 Stab: Sleeping          |     1 |     1 |       ||     2
Armor: Leather armour    |    24 |    49 |    93 ||   166
       Steam dragon scal |       |       |     5 ||     5
Dodge: Dodged            |    53 |    67 |   200 ||   320
